 Dungeon Crawl Stone Soup version 0.25.1-2-g60ff931df9 (webtiles) character file.

Game seed: 3745904461472121528

140473 protoss039 the Sorcerer (level 16, -1/97 HPs)
             Began as a Deep Elf Earth Elementalist on Aug 10, 2020.
             Was a High Priest of Sif Muna.
             Slain by a wolf spider (7 damage)
             ... on level 1 of the Spider Nest on Aug 15, 2020.
             The game lasted 02:36:15 (43212 turns).

protoss039 the Sorcerer (DEEE)                     Turns: 43212, Time: 02:36:16

Health: -1/97      AC: 13    Str:  2    XL:     16   Next: 76%
Magic:  46/52      EV: 14    Int: 31    God:    Sif Muna [*****.]
Gold:   2985       SH:  0    Dex: 19    Spells: 6/57 levels left

rFire    . . .     SeeInvis .   c - +6 trident of Fee Simple {venom, rPois Dex+4}
rCold    + . .     Gourm    .   F - +3 buckler
rNeg     . . .     Faith    +   U - +2 robe {MR+}
rPois    +         Spirit   .   O - +2 helmet {Int+3}
rElec    .         Reflect  .   Y - +1 cloak {rPois}
rCorr    .         Harm     .   (no gloves)
MR       +++..                  R - +3 pair of boots of Tomorrow {rPois rC+ Str-3}
Stlth    +.........             a - amulet of faith
HPRegen  0.26/turn              m - ring of magical power
MPRegen  0.33/turn              y - ring of protection from magic

@: confused
A: no striking features
a: Channel Magic, Forget Spell, Divine Exegesis, Renounce Religion


You were on level 1 of the Spider Nest.
You worshipped Sif Muna.
Sif Muna was extremely pleased with you.
You were not hungry.

You visited 5 branches of the dungeon, and saw 25 of its levels.
You also visited: Ice Cave.

You collected 5635 gold pieces.
You spent 2650 gold pieces at shops.

Inventory:

Hand Weapons
 c - the +6 trident of Fee Simple (weapon) {venom, rPois Dex+4}
   (You took it off a spriggan on level 8 of the Dungeon)

   It poisons the flesh of those it strikes.
   It affects your dexterity (+4).
   It protects you from poison.
 S - the +1 battleaxe of Dismemberment {vamp, MR+ Str-3 Int+8}
   (You bought it in a shop on level 12 of the Dungeon)

   It inflicts no extra harm, but heals its wielder when it wounds a living foe.
   It affects your strength (-3).
   It affects your intelligence (+8).
   It affects your resistance to hostile enchantments.
Missiles
 b - 176 stones (quivered)
 h - 5 throwing nets
Armour
 f - a +1 robe of the Archmagi
 F - a +3 buckler (worn)
 O - a +2 helmet of intelligence (worn)
 R - the +3 pair of boots of Tomorrow (worn) {rPois rC+ Str-3}
   (You bought it in a shop on level 10 of the Dungeon)

   It affects your strength (-3).
   It protects you from cold.
   It protects you from poison.
 U - a +2 robe of magic resistance (worn)
 Y - a +1 cloak of poison resistance (worn)
Jewellery
 a - an amulet of faith (around neck)
 m - a ring of magical power (left hand)
 v - an uncursed ring of protection from fire
 y - a ring of protection from magic (right hand)
 B - an uncursed ring of see invisible
 D - an uncursed ring of resist corrosion
 E - an uncursed ring of protection from cold
 X - an uncursed ring of positive energy {unknown}
Wands
 l - a wand of iceblast (25)
 o - a wand of polymorph (34)
 q - a wand of clouds (7)
 z - a wand of paralysis (17)
 H - a wand of digging (20)
 N - a wand of acid (5)
 P - a wand of flame (14)
Scrolls
 e - 9 scrolls of remove curse
 g - 5 scrolls of fear
 j - 7 scrolls of magic mapping
 k - 6 scrolls of blinking
 x - 4 scrolls of amnesia
 G - a scroll of enchant armour
 K - 2 scrolls of identify
 L - 7 scrolls of enchant weapon
 W - 7 scrolls of teleportation
Potions
 i - 10 potions of curing
 n - 6 potions of heal wounds
 p - 4 potions of resistance
 r - 4 potions of haste
 s - a potion of mutation {unknown}
 t - 4 potions of ambrosia
 u - 2 potions of magic
 w - 3 potions of flight
 A - 2 potions of lignification
 C - 4 potions of brilliance
 I - 2 potions of invisibility
 M - 3 potions of might
 Q - 2 potions of cancellation
Miscellaneous
 J - a tin of tremorstones (3/3)
 T - a phantom mirror
Comestibles
 d - 42 rations
 V - 3 chunks of flesh


   Skills:
 * Level 9.9 Fighting
 - Level 4.0 Armour
 - Level 3.0 Dodging
 - Level 3.0 Stealth
 - Level 4.0 Shields
 - Level 21.0 Spellcasting
 - Level 8.0 Conjurations
 - Level 2.0 Charms
 * Level 3.8 Summonings
 * Level 4.7 Necromancy
 - Level 6.0 Transmutations
 - Level 2.0 Air Magic
 + Level 17.1 Earth Magic
 - Level 2.0 Poison Magic
 - Level 10.0 Invocations


You had 6 spell levels left.
You knew the following spells:

 Your Spells              Type           Power        Failure   Level  Hunger
a - Sandblast             Erth           ######       0%          1    None
b - Passwall              Tmut/Erth      #######.     0%          2    None
c - Stone Arrow           Conj/Erth      ######       1%          3    None
d - Petrify               Tmut/Erth      #######.     1%          4    None
e - Lee's Rapid Deconstr  Erth           #######...   1%          5    None
f - Borgnjor's Vile Clut  Necr/Erth      #######...   1%          5    None
g - Statue Form           Tmut/Erth      #######..    1%          6    None
h - Iron Shot             Conj/Erth      #######...   1%          6    None
i - Spellforged Servitor  Conj/Summ      ######....   61%         7    ##.....
j - Irradiate             Conj/Tmut      ######....   1%          5    None
k - Swiftness             Chrm/Air       #####...     1%          2    None
l - Alistair's Intoxicat  Tmut/Pois      ######..     5%          5    None

Your spell library contained the following spells:

 Spells                   Type           Power        Failure   Level  Hunger
 Apportation              Tloc           ####..       1%          1    None
 Corona                   Hex            ####...      1%          1    None
 Foxfire                  Conj/Fire      ####         1%          1    None
 Infusion                 Chrm           ####         1%          1    None
 Magic Dart               Conj           ####         1%          1    None
 Pain                     Necr           ####         1%          1    None
 Shock                    Conj/Air       ####         1%          1    None
 Summon Butterflies       Summ           ######..     1%          1    None
 Summon Small Mammal      Summ           ####         1%          1    None
 Blink                    Tloc           N/A          1%          2    None
 Call Imp                 Summ           ######..     1%          2    None
 Shroud of Golubria       Chrm/Tloc      #####.       1%          2    None
 Slow                     Hex            ####....     1%          2    None
 Song of Slaying          Chrm           #####...     1%          2    None
 Call Canine Familiar     Summ           ######..     1%          3    None
 Dazzling Flash           Conj/Hex       ######       1%          3    None
 Ozocubu's Armour         Chrm/Ice       #####...     1%          3    None
 Recall                   Summ/Tloc      N/A          1%          3    None
 Spectral Weapon          Hex/Chrm       #####...     1%          3    None
 Static Discharge         Conj/Air       ######..     1%          3    None
 Summon Guardian Golem    Hex/Summ       #####...     1%          3    None
 Hailstorm                Conj/Ice       ######..     1%          4    None
 Iskenderun's Mystic Bla  Conj/Tloc      ######..     1%          4    None
 Leda's Liquefaction      Hex/Erth       ######....   1%          4    None
 Sticky Flame             Conj/Fire      ######..     1%          4    None
 Bolt of Magma            Conj/Fire/Erth ######....   1%          5    None
 Confusing Touch          Hex            ####....     3%          3    None
 Inner Flame              Hex/Fire       ####....     3%          3    None
 Lesser Beckoning         Tloc           ####......   3%          3    None
 Portal Projectile        Hex/Tloc       ####..       3%          3    None
 Tukima's Dance           Hex            ####....     3%          3    None
 Summon Lightning Spire   Summ/Air       ######..     3%          4    None
 Iskenderun's Battlesphe  Conj/Chrm      ######..     3%          5    None
 Lightning Bolt           Conj/Air       ######....   3%          5    None
 Airstrike                Air            #####.....   4%          4    None
 Olgreb's Toxic Radiance  Pois           #####...     4%          4    None
 Summon Ice Beast         Ice/Summ       #####...     4%          4    None
 Aura of Abjuration       Summ           ######....   6%          5    None
 Summon Demon             Summ           ######....   6%          5    None
 Excruciating Wounds      Chrm/Necr      ######....   8%          5    None
 Cause Fear               Hex            ####......   11%         4    None
 Passage of Golubria      Tloc           N/A          11%         4    None
 Summon Forest            Summ/Tloc      #####.....   13%         5    None
 Summon Mana Viper        Hex/Summ       #####...     13%         5    None
 Hydra Form               Tmut           ######....   14%         6    None
 Conjure Ball Lightning   Conj/Air       ######....   21%         6    None
 Eringya's Noxious Bog    Tmut/Pois      ######....   30%         6    None
 Shadow Creatures         Summ           N/A          32%         6    None
 Simulacrum               Ice/Necr       #####.....   52%         6    None
 Dispersal                Tloc           ####......   85%         6    None
 Invisibility             Hex            ####....     85%         6    None
 Orb of Destruction       Conj           ######....   32%         7    ##.....
 Lehudib's Crystal Spear  Conj/Erth      #######...   38%         8    ####...
 Dragon Form              Tmut           ######....   58%         7    ##.....
 Shatter                  Erth           #######...   67%         9    ######.
 Monstrous Menagerie      Summ           ######....   88%         7    ##.....
 Malign Gateway           Summ/Tloc      #####.....   99%         7    ##.....
 Controlled Blink         Tloc           N/A          100%        8    ####...
 Disjunction              Tloc           ####......   100%        8    ####...
 Infestation              Necr           ######....   100%        8    ####...
 Necromutation            Tmut/Necr      ######....   100%        8    ####...
 Dragon's Call            Summ           ######....   100%        9    ######.


Dungeon Overview and Level Annotations

Branches:
Dungeon (15/15)            Temple (1/1) D:4            Lair (6/6) D:8
 Shoals (0/4) Lair:4       Spider (1/4) Lair:3        Slime (0/5) Lair:6
    Orc (2/2) D:11            Elf (0/3) Orc:2        Vaults (0/5) D:13
 Depths (0/5) D:15          IceCv (visited)

Altars:
Ashenzari
Cheibriados
Dithmenos
Elyvilon
Fedhas
Gozag
Hepliaklqana
Kikubaaqudgha
Makhleb
Nemelex Xobeh
Okawaru
Qazlal
Ru
Sif Muna
Trog
Uskayaw
Vehumet
Wu Jian
Xom
Yredelemnul
Zin
The Shining One
Beogh

Shops:
D:3 *   D:10 [   D:11 %   D:12 (   D:14 !   Orc:1 =   Orc:2 [%?!

Annotations:
D:4 exclusion: oklob sapling
D:9 exclusion: oklob plant
D:11 1 exclusion


Message History

The wolf spider barely misses you.
The wolf spider bites you but does no damage.
The tarantella bites you.
Unknown command.
You bump into the rock wall.
The orb spider weaves a glowing orb of energy.
The wolf spider misses you. The wolf spider barely misses you.
The tarantella bites you. The wolf spider hits you!
The wolf spider closely misses you.
The tarantella bites you but does no damage.
An orb of destruction comes into view.
You bump into the rock wall.
The wolf spider misses you. The wolf spider barely misses you.
The tarantella bites you.
You are more confused.
The orb spider begins to weave its threads into a brightly glowing ball.
Unknown command.
You bump into the rock wall.
The orb of destruction hits you!!!
* * * LOW HITPOINT WARNING * * *
The wolf spider hits you!
You die...

.....##..#...#..##...............
.....##.#.#.##...#....#..#...##..
.....##....##.)..#.............?#
.....###).....#.†#...............
...#^.###...........†...#....#...
.......#####.....s.#....#........
..#.##..#######..○......$........
#................○s......##.....
.#.....###....##@..........^#...
.....##...#.....ss.#......#.^..#
#..............#..####......#
#..#...#.........^.^# ####.##
.........#.....^#....# ##
.^.......###.........# .##...#^##
##.#..#...# .###.#### #........##
.##### #!.......##


You could see 2 wolf spiders, an orb spider (charged) and a tarantella.

Vanquished Creatures
  Rupert (D:12)
  Kirke (Lair:6)
  2 orc warlords (Orc:2)
  An emperor scorpion (Spider:1)
  Louise (Spider:1)
  3 entropy weavers (Spider:1)
  2 spark wasps (Spider:1)
  2 vault guards (D:13)
  5 hydras
  A rakshasa (D:14)
  A catoblepas (Lair:5)
  4 centaur warriors
  An ogre mage (D:15)
  The ghost of ZZKoverts the Slinger, a journeyman HaHu of Okawaru (D:8)
  2 death knights
  Erica (D:10)
  12 two-headed ogres
  A queen ant (Spider:1)
  9 death yaks
  4 orc high priests (Orc:2)
  Sonja (Orc:1)
  7 skeletal warriors
  3 unseen horrors
  A phantasmal warrior (D:12)
  8 orb spiders (Spider:1)
  9 ugly things
  8 wolf spiders (Spider:1)
  5 cyclopes
  5 deep elf magi
  8 orc knights
  An oklob plant (Lair:6)
  2 manticores
  5 orc sorcerers
  Maurice (D:12)
  2 moths of wrath
  A naga mage (D:15)
  Joseph (D:9)
  2 ice statues (IceCv)
  Psyche (D:12)
  A torpor snail (Spider:1)
  A black mamba (Lair:2)
  4 gargoyles
  28 spiny frogs
  A rime drake (Lair:6)
  7 komodo dragons
  4 demonic crawlers
  A komodo dragon (shapeshifter) (D:15)
  An efreet (D:13)
  2 freezing wraiths
  A redback zombie (D:15)
  16 jumping spiders
  2 polar bears
  6 trolls
  A queen bee (Lair:2)
  38 blink frogs
  4 slime creatures (D:12)
  9 hippogriffs
  6 tyrant leeches
  A meliai zombie (D:14)
  A snapping turtle (Lair:4)
  2 spriggans (D:8)
  2 shadows
  2 centaur simulacra
  22 redbacks
  10 tarantellas (Spider:1)
  2 vampires (D:13)
  3 wraiths
  27 yaks
  2 wyverns
  2 hogs
  A basilisk (Lair:5)
  2 hungry ghosts
  6 vampire mosquitoes (Lair:6)
  3 swamp worms (D:15)
  A steam dragon (D:14)
  21 soldier ants
  6 water moccasins
  8 wargs
  Duvessa (D:5)
  A water moccasin (shapeshifter) (D:13)
  6 porcupines
  2 acid dragons
  50 orc warriors
  3 sky beasts
  A hornet zombie (D:14)
  An eye of draining (D:14)
  4 black bears
  8 ice beasts
  6 phantoms
  A necrophage (D:6)
  21 ogres
  A wolf (Lair:6)
  13 centaurs
  11 crocodiles
  4 big kobolds
  3 gnoll sergeants
  24 bullfrogs
  Dowan (D:5)
  6 scorpions
  48 killer bees
  17 wights
  An electric eel (Lair:4)
  2 howler monkeys
  4 centaur zombies
  6 crimson imps
  2 quasits
  2 bullfrog zombies
  2 hounds
  A jelly (D:13)
  Crazy Yiuf (D:3)
  A bullfrog skeleton (D:13)
  28 orc priests
  7 centaur skeletons
  5 iguanas
  39 orc wizards
  31 worker ants
  A hound zombie (D:6)
  2 hound skeletons
  14 gnolls
  16 adders
  4 shadow imps
  3 adder skeletons
  5 worms
  A dart slug (D:1)
  5 leopard geckos
  170 orcs
  3 ball pythons
  2 giant cockroaches
  2 goblins (D:2)
  10 hobgoblins
  10 jackals
  31 kobolds
  5 quokkas
  13 bats
  3 frilled lizards
  A jackal skeleton (D:8)
  A leopard gecko zombie (D:6)
  A quokka zombie (D:6)
  6 rats
  7 fungi
  4 plants
1068 creatures vanquished.

Vanquished Creatures (others)
  A jumping spider (Spider:1)
  A tarantella (Spider:1)
  A black bear (D:8)
  A centaur (D:8)
  A hound (D:8)
  An orc wizard (D:8)
  A quokka (D:8)
  16 fungi
  46 plants
69 creatures vanquished.

Grand Total: 1137 creatures vanquished

Notes
Turn   | Place    | Note
-------+----------+-------------------------------------------
     0 | D:1      | protoss039 the Deep Elf Earth Elementalist began the quest
                  | for the Orb.
     0 | D:1      | Reached XP level 1. HP: 10/10 MP: 6/6
   474 | D:1      | Reached XP level 2. HP: 15/15 MP: 8/8
  1097 | D:1      | Reached XP level 3. HP: 13/19 MP: 9/9
  1468 | D:2      | Found an ornate altar of the Wu Jian Council.
  2395 | D:2      | Found an ancient bone altar of Kikubaaqudgha.
  2632 | D:2      | Learned a level 2 spell: Passwall
  2636 | D:2      | Learned a level 3 spell: Stone Arrow
  2778 | D:3      | Noticed a sky beast
  2786 | D:3      | Killed a sky beast
  2786 | D:3      | Reached skill level 5 in Spellcasting
  2786 | D:3      | Reached skill level 5 in Earth Magic
  2786 | D:3      | Reached XP level 4. HP: 13/24 MP: 13/13
  2786 | D:3      | Reached XP level 5. HP: 16/28 MP: 14/14
  3224 | D:3      | Found Zin's Purification Station.
  3227 | D:3      | Found a glowing silver altar of Zin.
  3505 | D:3      | Found an iron altar of Okawaru.
  4064 | D:3      | Found a runed translucent door.
  4065 | D:3      | Noticed Crazy Yiuf
  4379 | D:3      | Killed Crazy Yiuf
  4527 | D:4      | Reached skill level 6 in Spellcasting
  4527 | D:4      | Reached XP level 6. HP: 23/32 MP: 17/17
  4825 | D:4      | HP: 1/32 [centaur/arrow (9)]
  5195 | D:4      | Reached skill level 7 in Spellcasting
  5452 | D:4      | Reached XP level 7. HP: 36/36 MP: 20/20
  5484 | D:4      | Found a staircase to the Ecumenical Temple.
  5527 | Temple   | Entered the Ecumenical Temple
  5862 | Temple   | Became a worshipper of Sif Muna the Loreminder
  6047 | D:4      | Reached skill level 8 in Spellcasting
  6049 | D:4      | HP: 1/36 [orc wizard/magic dart (6)]
  6524 | D:4      | Found a shattered altar of Ashenzari.
  6750 | D:5      | Entered Level 5 of the Dungeon
  6770 | D:5      | Learned a level 4 spell: Petrify
  6776 | D:5      | Learned a level 5 spell: Lee's Rapid Deconstruction
  7031 | D:5      | Noticed Duvessa
  7031 | D:5      | Noticed Dowan
  7181 | D:5      | Reached skill level 9 in Spellcasting
  7181 | D:5      | Reached skill level 1 in Invocations
  7181 | D:5      | Reached XP level 8. HP: 33/42 MP: 21/23
  7347 | D:5      | Reached skill level 1 in Conjurations
  7671 | D:5      | Reached skill level 1 in Fighting
  7730 | D:5      | Reached * piety under Sif Muna
  7983 | D:5      | Killed Dowan
  8211 | D:5      | Killed Duvessa
  8384 | D:6      | Reached skill level 10 in Spellcasting
  8406 | D:6      | Reached skill level 1 in Shields
  8735 | D:6      | Found a stormy altar of Qazlal.
  8735 | D:6      | Found a radiant altar of Vehumet.
  8736 | D:6      | Found a snail-covered altar of Cheibriados.
  8922 | D:6      | Reached XP level 9. HP: 48/48 MP: 25/25
  9136 | D:7      | Reached ** piety under Sif Muna
  9327 | D:7      | Found a hazy altar of Hepliaklqana.
  9534 | D:7      | Reached skill level 1 in Armour
  9566 | D:8      | Reached skill level 11 in Spellcasting
  9759 | D:8      | Found a shimmering altar of Xom.
 10477 | D:7      | Found a glowing golden altar of the Shining One.
 10931 | D:8      | Reached XP level 10. HP: 56/56 MP: 27/27
 11302 | D:8      | Reached *** piety under Sif Muna
 11344 | D:8      | Found a staircase to the Lair.
 11875 | D:8      | Found a runed translucent door.
 11878 | D:8      | Identified the +6 trident of Fee Simple {venom, rPois
                  | Dex+4}
 11878 | D:8      | Noticed ZZKoverts's ghost (journeyman HaHu)
 12128 | D:8      | Killed ZZKoverts's ghost
 12128 | D:8      | Reached skill level 12 in Spellcasting
 12130 | D:8      | Reached skill level 5 in Invocations
 12398 | D:9      | Found a shimmering blue altar of Sif Muna.
 12398 | D:9      | Noticed an oklob plant
 12499 | D:9      | Found a burning altar of Makhleb.
 12559 | D:9      | Noticed Joseph
 12565 | D:9      | Killed Joseph
 12565 | D:9      | Reached skill level 10 in Earth Magic
 13007 | D:9      | Noticed a two-headed ogre
 13082 | D:9      | Killed a two-headed ogre
 13504 | D:9      | Found a sacrificial altar of Ru.
 13725 | D:9      | Reached XP level 11. HP: 61/61 MP: 27/29
 13888 | D:10     | Entered Level 10 of the Dungeon
 14300 | D:10     | Noticed Erica
 14302 | D:10     | Killed Erica
 14312 | D:10     | Noticed a two-headed ogre
 14315 | D:10     | Killed a two-headed ogre
 14315 | D:10     | Reached skill level 13 in Spellcasting
 14436 | D:10     | Found Mynus's Antique Armour Emporium.
 14444 | D:10     | Bought a pair of pitted boots for 161 gold pieces
 14449 | D:10     | Identified the +3 pair of boots of Tomorrow {rPois rC+
                  | Str-3} (You bought it in a shop on level 10 of the Dungeon)
 14532 | D:10     | Reached **** piety under Sif Muna
 15633 | D:11     | Found a staircase to the Orcish Mines.
 15651 | D:11     | Found a frozen archway.
 15677 | IceCv    | Entered an ice cave
 15677 | IceCv    | Noticed a white ugly thing
 15685 | IceCv    | Killed a white ugly thing
 15691 | IceCv    | Found a transporter.
 15698 | IceCv    | Reached ***** piety under Sif Muna
 15849 | IceCv    | Noticed a white ugly thing
 15857 | IceCv    | Reached skill level 5 in Fighting
 15862 | IceCv    | Identified Sif Muna's Almanac of Enchanting Creation (Sif
                  | Muna gifted it to you in an ice cave)
 15862 | IceCv    | Received a gift from Sif Muna
 15869 | IceCv    | Found a transporter.
 15889 | IceCv    | Killed a white ugly thing
 16114 | D:11     | Noticed a death knight
 16135 | D:11     | Killed a death knight
 16135 | D:11     | Reached skill level 14 in Spellcasting
 16136 | D:11     | Noticed a skeletal warrior
 16469 | D:11     | Reached XP level 12. HP: 68/68 MP: 30/32
 16612 | D:11     | Found Xaunem's Food Boutique.
 16735 | D:12     | Noticed Psyche
 16735 | D:12     | Noticed Rupert
 16775 | D:12     | Found Joguorul's Antique Weapon Emporium.
 16859 | D:12     | Noticed a death knight
 17456 | D:12     | Killed a death knight
 17758 | D:12     | Killed Psyche
 18071 | D:12     | Reached skill level 15 in Spellcasting
 18210 | D:12     | Noticed Maurice
 18213 | D:12     | Killed Maurice
 18355 | D:12     | Noticed a two-headed ogre
 18361 | D:12     | Killed a two-headed ogre
 18753 | D:12     | Killed Rupert
 19274 | D:13     | Noticed a centaur warrior
 19469 | D:13     | Received a gift from Sif Muna
 19772 | D:13     | Reached XP level 13. HP: 57/76 MP: 17/34
 19772 | D:13     | Reached skill level 16 in Spellcasting
 20797 | D:13     | Found a gate to the Vaults.
 21385 | D:13     | Identified 2 scrolls of acquirement
 21389 | D:13     | Acquired 1690 gold pieces
 21391 | D:13     | Acquired 820 gold pieces
 21443 | D:12     | Bought a smoking great mace for 253 gold pieces
 21443 | D:12     | Bought an ancient morningstar for 198 gold pieces
 21443 | D:12     | Bought a twisted battleaxe for 253 gold pieces
 21443 | D:12     | Bought a steaming battleaxe for 253 gold pieces
 21450 | D:12     | Identified the +4 great mace of the Viper {vorpal, *Noise
                  | +Rage rPois Dex-5} (You bought it in a shop on level 12 of
                  | the Dungeon)
 21451 | D:12     | Identified the cursed +3 morningstar of Gozag's Indignation
                  | {speed, rC+} (You bought it in a shop on level 12 of the
                  | Dungeon)
 21453 | D:12     | Lost strength.
 21453 | D:12     | Identified the +1 battleaxe of Dismemberment {vamp, MR+
                  | Str-3 Int+8} (You bought it in a shop on level 12 of the
                  | Dungeon)
 21456 | D:12     | Identified the +4 battleaxe of the Puffin {vorpal, *Drain
                  | +Inv MR++ Str+4} (You bought it in a shop on level 12 of
                  | the Dungeon)
 21602 | D:14     | Identified Cadec's Grimoire of Lucky Conjuration (Sif Muna
                  | gifted it to you on level 14 of the Dungeon)
 21602 | D:14     | Received a gift from Sif Muna
 22032 | D:14     | Reached skill level 17 in Spellcasting
 22535 | D:14     | Found Wifil's Distillery.
 22544 | D:14     | Bought a potion of flight for 42 gold pieces
 22544 | D:14     | Bought 2 potions of berserk rage for 140 gold pieces
 22566 | D:14     | Reached skill level 5 in Conjurations
 22845 | D:15     | Entered Level 15 of the Dungeon
 23086 | D:14     | Learned a level 2 spell: Swiftness
 23576 | D:15     | Reached skill level 1 in Charms
 23727 | D:15     | Reached skill level 1 in Air Magic
 24034 | D:15     | Reached XP level 14. HP: 83/83 MP: 35/37
 24645 | D:15     | Reached skill level 18 in Spellcasting
 24653 | D:15     | Identified Sif Muna's Compendium of the Rocks (Sif Muna
                  | gifted it to you on level 15 of the Dungeon)
 24653 | D:15     | Received a gift from Sif Muna
 24893 | D:15     | Found a staircase to the Depths.
 25492 | D:15     | Learned a level 6 spell: Statue Form
 25669 | Lair:1   | Entered Level 1 of the Lair of Beasts
 25703 | Lair:1   | Reached skill level 15 in Earth Magic
 28406 | Lair:3   | Found a hole to the Spider Nest.
 28411 | Lair:3   | Received a gift from Sif Muna
 28735 | Lair:3   | Acquired 620 gold pieces
 29620 | Lair:4   | Found a staircase to the Shoals.
 30843 | Lair:5   | Reached XP level 15. HP: 68/89 MP: 12/39
 31332 | Lair:6   | Entered Level 6 of the Lair of Beasts
 31742 | Lair:6   | Identified Sif Muna's Volume of Harmful Transmigration (Sif
                  | Muna gifted it to you on level 6 of the Lair of Beasts)
 31742 | Lair:6   | Received a gift from Sif Muna
 31752 | Lair:6   | Reached skill level 19 in Spellcasting
 32124 | Lair:6   | HP: 4/115 [blink frog (13)]
 32976 | Lair:6   | Identified Sif Muna's Tome of Conjuration (Sif Muna gifted
                  | it to you on level 6 of the Lair of Beasts)
 32976 | Lair:6   | Received a gift from Sif Muna
 33374 | Lair:6   | Learned a level 6 spell: Iron Shot
 33510 | Lair:6   | Reached skill level 5 in Transmutations
 34133 | Lair:6   | Got a ripped robe
 34168 | Lair:6   | Noticed Kirke
 34171 | Lair:6   | Killed Kirke
 34372 | Lair:6   | Found a staircase to the Slime Pits.
 34607 | Lair:6   | Identified the +0 robe of Knowledge {rPois Dex+4} (You
                  | found it on level 6 of the Lair of Beasts)
 34620 | Lair:6   | Learned a level 5 spell: Irradiate
 34626 | Lair:6   | Learned a level 5 spell: Alistair's Intoxication
 34866 | Orc:1    | Entered Level 1 of the Orcish Mines
 35592 | Orc:1    | Found a roughly hewn altar of Beogh.
 35754 | Orc:1    | Found Nutab's Jewellery Shoppe.
 35788 | Orc:1    | Bought an uncursed ring of see invisible for 195 gold
                  | pieces
 35830 | Orc:2    | Entered Level 2 of the Orcish Mines
 36257 | Orc:2    | Identified Sif Muna's Almanac of Dusty Calling (Sif Muna
                  | gifted it to you on level 2 of the Orcish Mines)
 36257 | Orc:2    | Received a gift from Sif Muna
 37096 | Orc:2    | Found Limpereq's Distillery.
 37113 | Orc:2    | Bought a potion of heal wounds for 75 gold pieces
 37113 | Orc:2    | Bought a potion of resistance for 150 gold pieces
 37113 | Orc:2    | Bought a potion of curing for 45 gold pieces
 37113 | Orc:2    | Bought a potion of brilliance for 60 gold pieces
 37113 | Orc:2    | Bought a potion of brilliance for 60 gold pieces
 37113 | Orc:2    | Bought a potion of haste for 150 gold pieces
 37219 | Orc:2    | Found a roughly hewn altar of Beogh.
 37353 | Orc:2    | Reached skill level 20 in Spellcasting
 37461 | Orc:2    | Reached skill level 1 in Poison Magic
 37518 | Orc:2    | Found Fuhoalle's Magic Scroll Shop.
 37523 | Orc:2    | Bought a scroll of enchant armour for 120 gold pieces
 37523 | Orc:2    | Bought a scroll of identify for 32 gold pieces
 37523 | Orc:2    | Bought 2 scrolls of teleportation for 96 gold pieces
 37523 | Orc:2    | Bought a scroll of identify for 32 gold pieces
 37523 | Orc:2    | Bought a scroll of identify for 32 gold pieces
 37523 | Orc:2    | Bought a scroll of magic mapping for 56 gold pieces
 37534 | Orc:2    | Noticed an orc warlord
 37552 | Orc:2    | Killed an orc warlord
 38145 | Orc:2    | Found a staircase to the Elven Halls.
 38149 | Orc:2    | Received a gift from Sif Muna
 38164 | Orc:2    | Learned a level 5 spell: Borgnjor's Vile Clutch
 38172 | Orc:2    | Learned a level 7 spell: Spellforged Servitor
 38292 | Orc:2    | Reached XP level 16. HP: 86/96 MP: 32/42
 39199 | Orc:2    | Found a roughly hewn altar of Beogh.
 39322 | Orc:2    | Found Juhaecoc's Armour Shop.
 39336 | Orc:2    | Bought a +2 robe of magic resistance for 247 gold pieces
 39495 | Orc:2    | Found Sedecrol's Food Boutique.
 39507 | Orc:2    | Reached skill level 1 in Necromancy
 39714 | Orc:2    | Reached skill level 1 in Summonings
 40252 | Orc:1    | Noticed Sonja
 40255 | Orc:1    | Reached skill level 10 in Invocations
 40257 | Orc:1    | Killed Sonja
 40869 | Spider:1 | Entered Level 1 of the Spider Nest
 40893 | Spider:1 | Identified Yvvoek's Grimoire of Dislocated Intoxication
                  | (Sif Muna gifted it to you on level 1 of the Spider Nest)
 40893 | Spider:1 | Received a gift from Sif Muna
 42084 | Spider:1 | Reached skill level 21 in Spellcasting
 42717 | Spider:1 | Identified Sif Muna's Papyrus of the Compass and Dark Magic
                  | (Sif Muna gifted it to you on level 1 of the Spider Nest)
 42717 | Spider:1 | Received a gift from Sif Muna
 43018 | Spider:1 | Noticed Louise
 43055 | Spider:1 | Killed Louise
 43212 | Spider:1 | Slain by a wolf spider

Illustrated notes

Levels and vault maps discovered:
D:1:      dpeg_arrival_rooms_with_view, layout_loops_cross
D:2:      layout_rooms, kiku_gazebo_pond_becter, nicolae_overflow_crystal_walls,
          serial_curves, eino_curves_02, eino_curves_03
D:3:      layout_loops_corners, zin_purify, lemuel_coloured_pillars_altar,
          serial_glass, glass_columns_b, glass_columns_c, glass_columns_b,
          glass_columns_a, glass_columns_b, glass_columns_a, glass_columns_c,
          glass_columns_a, glass_columns_a, glass_columns_a,
          uniq_crazy_yiuf_cottage
D:4:      old_forge, layout_basic, minmay_temple_entry_oklob,
          serial_bayou_pond_c, evilmike_ruin_ashenzari
D:5:      layout_basic, first_ration, uniq_duvessa
D:6:      layout_rooms, gammafunk_temple_overflow_claw
D:7:      layout_cave_pods, overflow_temple_1_default, lemuel_crystal_altar
D:8:      layout_basic, xom_confusion_cloud, grunt_lair_entry_orc_guard_hut,
          ebering_ghost_funeral_grove
D:9:      layout_stronghold, lemuel_round_altar, basic_altar,
          lemuel_oklob_altar, uniq_joseph
D:10:     layout_loops_corners, serial_shops, nicolae_shop_stone, uniq_erica
D:11:     layout_roguey, hiddenorc2_lemuel, serial_shops, shop,
          portal_ice_cave_entry_pillars_1
D:12:     layout_grid_maze, serial_shops, nicolae_shop_overgrown_old_shop,
          uniq_maurice, uniq_psyche, uniq_rupert
D:13:     layout_stronghold, lightli_vaults_fourway_checkpoint
D:14:     layout_small_grid, serial_shops, nicolae_shop_waterfront
D:15:     grunt_enter_depths_magical_seal, layout_long_grid, worms_lemuel
Temple:   minmay_temple_curvy_loop
Lair:1:   layout_hall_layers
Lair:2:   layout_cave_pods, special_room [special_room_bee],
          infiniplex_staircase_pool_2, grunt_megastairs_1
Lair:3:   layout_chaotic_city, nicolae_spider_entry_tight_spaces
Lair:4:   layout_loops_ring, minmay_shoals_entry_hut, serial_bayou_lagoon_a
Lair:5:   beast_lair_carwin_large_3, layout_concentric_octagons
Lair:6:   minmay_lair_end_frog_pond, layout_long_grid,
          minmay_slime_entry_oklob_enclosed, nicolae_volcano_entry_s_turn,
          st_stairs_11, uniq_kirke
Spider:1: cheibrodos_forgotten_conduit, ebering_ghost_disaster_area,
          zaba_anthell, uniq_louise
Orc:1:    layout_caves, serial_shops, shop, basic_altar, uniq_sonja
Orc:2:    pubby_orc_utopia, serial_shops

Skill      XL: |  1  2  3  4  5  6  7  8  9 10 11 12 13 14 15 16 |
---------------+-------------------------------------------------+-----
Stealth        | 3 |  3.0
Dodging        | 3 |  3.0
Earth Magic    | 5 6 7 8 9 10 11 13 14 15 16 17 | 17.1
Spellcasting   | 5 6 7 9 10 11 12 14 15 17 18 20 21 | 21.0
Invocations    | 1 3 4 5 7 8 9 10 | 10.0
Conjurations   | 2 3 4 5 7 8 |  8.0
Fighting       | 2 3 4 5 6 7 8 9 |  9.9
Shields        | 1 2 3 4 |  4.0
Armour         | 1 3 4 |  4.0
Charms         | 2 |  2.0
Air Magic      | 1 2 |  2.0
Transmutations | 3 6 |  6.0
Poison Magic   | 1 2 |  2.0
Necromancy     | 4 |  4.7
Summonings     | 3 |  3.8

Action                   |  1- 3 |  4- 6 |  7- 9 | 10-12 | 13-15 | 16-18 || total
-------------------------+-------+-------+-------+-------+-------+-------++-------
Melee: Short sword       |    90 |    39 |    94 |       |       |       ||   223
       Trident           |       |       |       |    11 |    40 |    50 ||   101
 Cast: Sandblast         |    21 |    53 |    87 |   123 |   318 |    59 ||   661
       Stone Arrow       |       |     1 |    89 |   148 |   243 |    45 ||   526
       Passwall          |       |       |     1 |     1 |     1 |     2 ||     5
       Lee's Rapid Decon |       |       |    19 |   143 |   307 |    55 ||   524
       Petrify           |       |       |     1 |     4 |    34 |     3 ||    42
       Swiftness         |       |       |       |       |    13 |     3 ||    16
       Iron Shot         |       |       |       |       |    21 |    60 ||    81
       Statue Form       |       |       |       |       |    11 |    10 ||    21
       Irradiate         |       |       |       |       |     5 |     6 ||    11
       Alistair's Intoxi |       |       |       |       |     3 |       ||     3
       Borgnjor's Vile C |       |       |       |       |       |    54 ||    54
Invok: Channel Magic     |       |       |       |     3 |     5 |     4 ||    12
 Abil: End Transformatio |       |       |       |       |    10 |     8 ||    18
Evoke: Wand              |       |       |       |       |     2 |       ||     2
  Use: Scroll            |       |     7 |     7 |     7 |    24 |       ||    45
       Potion            |       |       |       |     1 |    10 |       ||    11
 Stab: Sleeping          |    12 |     2 |     1 |     1 |       |       ||    16
       Confused          |       |       |       |       |     1 |       ||     1
  Eat: Chunk             |     6 |     8 |    18 |    30 |    48 |    10 ||   120
       Ration            |       |       |       |     1 |     3 |     2 ||     6
Armor: Robe              |    18 |    10 |    14 |    10 |    46 |    35 ||   133
       Leather armour    |       |       |       |    21 |       |       ||    21
       Skin              |       |       |       |       |    53 |   138 ||   191
Dodge: Dodged            |    76 |    49 |    39 |    57 |   207 |   192 ||   620
Block: Buckler           |       |       |    14 |    58 |   149 |   118 ||   339
